Map: Bel'Shir Vestige LE (Void)

Players

LiquidTLO (TLO) - Winner!

  • Race: Zerg Zerg
  • Spawn Location: 11:00

Lambo

  • Race: Zerg Zerg
  • Spawn Location: 5:00

Event: IEM XI Katowice - World Championship 2017

VOD

Have the link to the VOD?

Description

Time

  • Played on: Feb. 27, 2017, 7:21 a.m.
  • Length: 4:50

All games in this series

Show
View Real Time Build Order
Export as new Build Order

LiquidTLO Zerg - Winner!

Build Orders: Pool First, Zergling Baneling 

Get SALT Encoding   

  12  0:00  Drone  
  13  0:21  Spawning Pool  
  13  0:24  Extractor  
  13  0:27  Drone  
  12  0:31  Drone  
  13  0:37  Drone  
  14  0:47  Overlord  
  14  1:08  Zergling x4  
  14  1:09  Queen  
  18  1:13  Zergling x2  
  19  1:24  Metabolic Boost  
  19  1:30  Overlord  
  19  1:38  Zergling x2  
  20  1:45  Baneling Nest  
  19  1:49  Zergling x2  
  20  1:55  Zergling x2  
  21  2:05  Zergling x2  
  22  2:19  Zergling x8  
  26  2:30  Zergling x2  
  27  2:41  Baneling  
  27  2:43  Zergling x2  
  28  2:44  Baneling  
  28  2:57  Zergling x4  
  28  2:58  Baneling x4  
  26  3:15  Zergling x2  
  26  3:16  Zergling x2  
  26  3:17  Zergling x2  
  24  3:24  Drone  
  22  3:30  Zergling x2  
  22  3:42  Zergling x2  
  21  3:49  Hatchery  
  21  3:51  Drone  
  21  3:54  Drone  
  22  3:57  Baneling  
  22  3:58  Baneling  
  22  4:01  Zergling x2  
  23  4:11  Drone x2  
  23  4:15  Drone  
  25  4:23  Drone  
  24  4:30  Zergling x2  
Show
View Real Time Build Order
Export as new Build Order

Lambo Zerg 

Build Orders: Hatch First 

Get SALT Encoding   

  12  0:00  Drone  
  13  0:12  Overlord  
  13  0:18  Drone  
  14  0:31  Drone x2  
  14  0:34  Drone  
  17  0:51  Hatchery  
  17  0:54  Drone  
  17  0:57  Drone  
  18  1:01  Extractor  
  17  1:13  Spawning Pool  
  17  1:15  Drone  
  17  1:18  Drone  
  18  1:28  Drone  
  19  1:40  Overlord  
  19  1:53  Drone  
  20  1:59  Queen  
  20  2:00  Zergling x2  
  23  2:03  Metabolic Boost  
  23  2:04  Queen  
  23  2:05  Zergling x2  
  26  2:17  Zergling x2  
  26  2:18  Spine Crawler, Zergling x2  
  27  2:26  Baneling Nest  
  27  2:29  Zergling x2  
  27  2:33  Zergling x2  
  27  2:45  Queen  
  27  2:48  Zergling x2  
  29  2:54  Zergling x4  
  29  2:58  Zergling x2  
  30  3:09  Zergling x4  
  28  3:13  Baneling  
  15  3:46  Drone  
  14  4:10  Baneling  
  13  4:23  Drone  
  11  4:29  Drone  

Tags
 
Add a new tag
Caveats
  • Supply blocks, unpowered buildings, or Contaminate may cause inaccurate times.
  • Supply counts are checked every 10 seconds.